Map: 16-Bit LE

Players

JimRising

  • Race: Zerg Zerg
  • League: Master
  • Spawn Location: 1:00

PartinG - Winner!

  • Race: Protoss Protoss
  • League: Master
  • Spawn Location: 7:00

VOD

Have the link to the VOD?

Description

Time

  • Played on: May 20, 2018, 9:10 p.m.
  • Length: 5:48
Show
View Real Time Build Order
Export as new Build Order

JimRising Zerg 

Build Orders: Hatch First 

Get SALT Encoding   

  12  0:01  Drone  
  13  0:15  Overlord  
  13  0:19  Drone  
  14  0:34  Drone  
  14  0:35  Drone  
  16  0:38  Drone  
  17  0:56  Hatchery  
  16  0:59  Drone  
  16  1:02  Drone  
  18  1:07  Extractor  
  17  1:18  Spawning Pool  
  16  1:22  Drone  
  16  1:24  Drone  
  18  1:31  Drone  
  19  1:42  Overlord  
  19  1:53  Drone  
  20  2:04  Drone  
  20  2:05  Queen  
  23  2:12  Queen  
  23  2:13  Metabolic Boost  
  25  2:15  Zergling x2  
  25  2:19  Drone  
  25  2:21  Drone  
  28  2:25  Drone  
  29  2:30  Drone  
  29  2:36  Drone  
  31  2:47  Hatchery  
  30  2:54  Zergling x4  
  30  2:57  Drone x2  
  34  3:01  Spore Crawler  
  34  3:09  Drone x2  
  34  3:12  Overlord  
  35  3:14  Overlord  
  35  3:28  Overlord x2  
  35  3:31  Spore Crawler, Drone x2  
  35  3:32  Drone  
  35  3:33  Drone  
  38  3:35  Spore Crawler  
  38  3:36  Drone  
  38  3:42  Drone  
  38  3:46  Drone  
  38  3:47  Queen  
  42  3:50  Drone  
  43  4:00  Drone x3  
  43  4:02  Spore Crawler  
  45  4:05  Drone x3  
  48  4:10  Drone x3  
  51  4:18  Roach Warren  
  51  4:23  Queen  
  52  4:25  Zergling x4  
  52  4:28  Drone  
  52  4:29  Overlord  
  55  4:36  Drone  
  55  4:37  Overlord x2  
  56  4:38  Extractor  
  56  4:39  Drone  
  56  4:40  Drone  
  56  4:41  Drone  
  56  4:44  Overlord  
  57  4:53  Overlord x2  
  57  4:58  Roach x4  
  65  5:03  Roach  
  65  5:04  Roach x2  
  70  5:08  Drone x3  
  70  5:10  Drone x2  
  75  5:16  Roach x3  
  81  5:24  Extractor  
  81  5:26  Extractor  
  81  5:27  Extractor  
  81  5:28  Zergling x10  
Show
View Real Time Build Order
Export as new Build Order

PartinG Protoss - Winner!

Build Orders: 1 Gate Expand, Phoenix Opening 

Get SALT Encoding   

  12  0:00  Probe  
  13  0:12  Probe  
  14  0:18  Pylon  
  14  0:25  Probe  
  15  0:33  Probe  
  15  0:40  Gateway  
  15  0:41  Probe  
  16  0:48  Assimilator  
  17  0:50  Probe  
  18  0:58  Probe  
  19  1:07  Probe  
  20  1:24  Nexus  
  20  1:34  Cybernetics Core  
  20  1:39  Assimilator  
  20  1:42  Probe  
  21  1:49  Pylon  
  21  1:54  Probe  
  22  2:02  Adept  
  22  2:06  Probe  
  23  2:13  Stargate  
  25  2:18  Probe  
  25  2:21  Warp Gate  
  26  2:28  Adept  
  28  2:30  Probe  
  28  2:32  Probe  
  30  2:40  Probe  
  30  2:43  Probe  
  31  2:50  Probe  
  32  2:53  Phoenix  
  32  2:55  Probe  
  36  3:04  Probe  
  37  3:07  Probe  
  38  3:17  Probe  
  38  3:18  Pylon  
  38  3:19  Probe  
  40  3:25  Twilight Council  
  40  3:27  Robotics Facility  
  40  3:36  Pylon  
  40  3:39  Gateway  
  40  3:43  Charge  
  40  3:55  Gateway  
  40  3:57  Gateway x2  
  40  4:05  Gateway x2  
  40  4:06  Warp Prism  
  40  4:12  Gateway  
  42  4:24  Pylon  
  42  4:27  Zealot  
  44  4:36  Zealot  
  46  4:52  Nexus  
  46  4:53  Zealot  
  46  4:54  Zealot x3  
  46  4:58  Pylon  
  53  5:15  Zealot x2  
  53  5:16  Zealot x4  
  53  5:18  Zealot  
  67  5:21  Zealot  
  69  5:38  Zealot x4  
  69  5:42  Zealot  
  77  5:47  Zealot x3  
Tags
 
Add a new tag
Caveats
  • Supply blocks, unpowered buildings, or Contaminate may cause inaccurate times.
  • Supply counts are checked every 10 seconds.